Map: [ESL] Oceanborn

Players

trigger - Winner!

  • Race: Protoss Protoss
  • Spawn Location: 5:00

Astrea

  • Race: Protoss Protoss
  • Spawn Location: 11:00

Event: ESL SC2 Masters 2024 Spring (Regional)

VOD

Have the link to the VOD?

Description

Time

  • Played on: May 5, 2024, 1:52 p.m.
  • Length: 15:49

All games in this series

Show
View Real Time Build Order
Export as new Build Order

trigger Protoss - Winner!

Build Orders: Phoenix Opening 

Get SALT Encoding   

  12  0:00  Probe  
  13  0:12  Probe  
  14  0:17  Pylon  
  14  0:24  Probe (Chrono Boost)  
  16  0:36  Probe (Chrono Boost)  
  16  0:37  Gateway  
  16  0:43  Probe (Chrono Boost)  
  16  0:46  Assimilator  
  17  0:51  Probe  
  17  0:54  Assimilator  
  18  1:03  Probe (Chrono Boost)  
  19  1:08  Gateway  
  19  1:13  Probe (Chrono Boost)  
  20  1:18  Probe (Chrono Boost)  
  20  1:24  Cybernetics Core  
  21  1:29  Probe  
  22  1:34  Pylon  
  22  1:41  Probe  
  23  1:53  Probe  
  24  1:58  Warp Gate (Chrono Boost)  
  24  2:00  Stalker x2  
  28  2:08  Pylon  
  28  2:31  Stalker x2  
  32  2:48  Nexus  
  32  2:57  Probe  
  33  3:01  Sentry x2  
  33  3:04  Shield Battery  
  37  3:09  Pylon  
  37  3:17  Probe  
  36  3:30  Probe  
  36  3:33  Twilight Council  
  35  3:42  Probe  
  36  3:51  Phoenix  
  36  3:54  Stalker x2, Probe (Chrono Boost)  
  39  4:01  Probe (Chrono Boost)  
  38  4:06  Probe (Chrono Boost)  
  38  4:07  Blink (Chrono Boost)  
  40  4:11  Probe (Chrono Boost)  
  40  4:13  Probe (Chrono Boost)  
  41  4:19  Stalker  
  41  4:20  Stalker  
  41  4:23  Probe x2  
  47  4:35  Probe  
  47  4:36  Probe  
  49  4:44  Stalker x2  
  53  4:49  Probe  
  53  4:51  Probe  
  55  4:55  Assimilator  
  55  4:56  Robotics Facility  
  55  5:01  Probe  
  56  5:09  Probe  
  56  5:12  Pylon, Adept x2  
  56  5:13  Probe  
  61  5:25  Probe  
  62  5:32  Nexus  
  62  5:34  Shield Battery  
  62  5:37  Stalker x2  
  62  5:39  Probe  
  62  5:40  Observer (Chrono Boost)  
  67  5:45  Probe (Chrono Boost)  
  67  5:46  Pylon  
  69  5:50  Pylon  
  69  5:56  Observer (Chrono Boost), Probe (Chrono Boost)  
  70  5:57  Forge  
  70  6:03  Phoenix, Probe (Chrono Boost)  
  71  6:07  Probe (Chrono Boost)  
  71  6:08  Probe (Chrono Boost)  
  70  6:15  Stalker x2  
  74  6:19  Probe (Chrono Boost)  
  74  6:21  Probe (Chrono Boost)  
  74  6:24  Protoss Ground Weapons Level 1, Probe (Chrono Boost)  
  75  6:26  Gateway  
  75  6:28  Gateway  
  75  6:31  Probe (Chrono Boost)  
  76  6:34  Probe (Chrono Boost)  
  77  6:44  Probe (Chrono Boost)  
  77  6:46  Stalker x2, Probe x2 (Chrono Boost)  
  84  6:53  Probe x2 (Chrono Boost)  
  87  6:55  Probe (Chrono Boost)  
  87  6:59  Probe (Chrono Boost)  
  87  7:00  Probe  
  89  7:01  Gateway  
  89  7:04  Gateway  
  89  7:05  Pylon  
  89  7:15  Stalker x2  
  89  7:18  Probe x2  
  95  7:24  Stalker x2  
  95  7:25  Observer (Chrono Boost), Probe  
  95  7:26  Assimilator  
  95  7:28  Pylon  
  101  7:30  Probe  
  102  7:40  Stalker x2, Gateway x2  
  102  7:42  Warp Prism (Chrono Boost)  
  102  7:43  Pylon  
  106  7:49  Stalker x2  
  112  7:56  Pylon  
  112  7:59  Pylon  
  112  8:01  Stalker x2  
  112  8:04  Stalker  
  118  8:07  Pylon  
  118  8:14  Stalker x3  
  124  8:29  Stalker x3  
  124  8:32  Photon Cannon  
  130  8:38  Protoss Ground Weapons Level 2 (Chrono Boost)  
  130  8:43  Assimilator  
  125  8:52  Probe x2  
  125  8:54  Stalker x6  
  135  9:00  Stalker  
  135  9:02  Probe  
  136  9:04  Stalker  
  115  9:22  Stalker x4  
  123  9:26  Zealot x3  
  129  9:39  Probe  
  130  9:47  Nexus  
  130  9:53  Pylon, Stalker x4  
  130  9:59  Probe x2  
  137  10:00  Probe  
  137  10:02  Observer  
  137  10:08  Photon Cannon  
  137  10:09  Stalker  
  137  10:11  Sentry, Probe x2  
  137  10:12  Sentry x2  
  147  10:18  Stalker  
  147  10:20  Shield Battery  
  149  10:22  Pylon  
  149  10:29  Stalker x2  
  149  10:33  Stalker  
  149  10:34  Probe  
  149  10:35  Probe  
  157  10:40  Probe  
  158  10:43  Pylon  
  158  10:44  Protoss Ground Weapons Level 3 (Chrono Boost), Stalker x2  
  162  10:50  Probe x2  
  164  10:59  Probe x2  
  164  11:01  Photon Cannon  
  166  11:04  Stalker x2  
  166  11:10  Stalker x2  
  174  11:13  Pylon  
  174  11:16  Stalker  
  176  11:21  Stalker x2  
  176  11:22  Stalker  
  182  11:29  Stalker x2  
  186  11:35  Pylon  
  186  11:36  Stalker x2  
  186  11:38  Probe x3  
  193  11:42  Assimilator  
  193  11:48  Stalker  
  193  11:52  Zealot  
  196  11:57  Observer  
  196  12:00  Shield Battery  
  196  12:10  Pylon  
  196  12:11  Assimilator  
  196  12:14  Forge  
  196  12:15  Shield Battery  
  196  12:22  Photon Cannon x2, Shield Battery  
  196  12:28  Photon Cannon  
  196  12:29  Stalker x2, Photon Cannon  
  200  12:43  Photon Cannon  
  200  12:45  Photon Cannon  
  200  12:48  Photon Cannon  
  200  12:49  Pylon  
  200  12:56  Zealot  
  193  12:58  Zealot x2  
  193  13:00  Zealot x5  
  191  13:06  Probe x3  
  191  13:07  Probe  
  185  13:18  Nexus  
  165  13:20  Pylon  
  165  13:24  Stalker x4  
  165  13:25  Stalker x2  
  168  13:34  Zealot  
  168  13:36  Protoss Shields Level 1  
  168  13:41  Probe x4  
  158  13:53  Probe x2  
  146  13:58  Pylon  
  146  14:00  Pylon  
  137  14:05  Probe x2 (Chrono Boost)  
  137  14:06  Probe (Chrono Boost)  
  137  14:09  Probe (Chrono Boost)  
  141  14:13  Pylon  
  141  14:16  Probe x2 (Chrono Boost)  
  135  14:18  Probe (Chrono Boost)  
  135  14:20  Probe (Chrono Boost)  
  135  14:21  Probe x2 (Chrono Boost)  
  135  14:23  Photon Cannon, Probe  
  129  14:26  Stalker x3  
  129  14:29  Photon Cannon  
  136  14:36  Stalker x3  
  133  14:51  Stalker x5  
  133  14:52  Probe x3  
  142  15:03  Pylon  
  139  15:10  Stalker x3  
Show
View Real Time Build Order
Export as new Build Order

Astrea Protoss 

Build Orders: Oracle Opening 

Get SALT Encoding   

  12  0:00  Probe  
  13  0:12  Probe  
  14  0:17  Pylon  
  14  0:24  Probe (Chrono Boost)  
  16  0:35  Gateway  
  16  0:36  Probe (Chrono Boost)  
  16  0:43  Probe (Chrono Boost)  
  16  0:45  Assimilator  
  17  0:51  Probe  
  17  0:55  Assimilator  
  18  1:03  Probe (Chrono Boost)  
  19  1:05  Pylon  
  19  1:12  Probe (Chrono Boost)  
  19  1:17  Probe (Chrono Boost)  
  20  1:22  Cybernetics Core  
  21  1:29  Probe  
  22  1:36  Zealot  
  24  1:41  Probe  
  25  1:53  Probe  
  26  2:01  Stargate  
  26  2:03  Adept  
  26  2:04  Warp Gate  
  28  2:09  Pylon  
  28  2:39  Stalker  
  28  2:40  Nexus  
  30  2:46  Oracle (Chrono Boost)  
  33  3:01  Shield Battery  
  33  3:07  Probe  
  34  3:14  Oracle (Chrono Boost)  
  37  3:31  Twilight Council  
  37  3:32  Pylon  
  37  3:35  Pylon  
  37  3:42  Pylon  
  36  3:50  Probe  
  37  4:00  Probe (Chrono Boost)  
  38  4:09  Probe (Chrono Boost)  
  37  4:11  Pylon  
  37  4:13  Probe (Chrono Boost)  
  37  4:15  Dark Shrine  
  39  4:17  Pylon  
  39  4:18  Probe x2 (Chrono Boost)  
  40  4:25  Gateway  
  40  4:28  Probe  
  41  4:31  Probe  
  41  4:37  Blink (Chrono Boost)  
  42  4:40  Probe  
  42  4:43  Probe  
  42  4:50  Assimilator  
  42  4:52  Probe  
  43  4:55  Probe  
  44  5:00  Gateway  
  44  5:04  Probe  
  45  5:08  Probe  
  46  5:16  Probe  
  46  5:19  Stalker  
  46  5:20  Probe  
  50  5:28  Probe, Dark Templar  
  52  5:30  Nexus  
  52  5:33  Pylon  
  53  5:38  Probe  
  54  5:43  Probe  
  54  5:46  Stalker  
  57  5:50  Probe  
  57  5:55  Probe  
  57  5:56  Shield Battery  
  59  6:03  Probe  
  58  6:04  Stalker x2  
  58  6:07  Probe  
  59  6:15  Probe  
  59  6:16  Stalker  
  62  6:19  Probe  
  62  6:24  Forge  
  63  6:27  Probe  
  63  6:31  Stalker x2, Probe  
  69  6:39  Probe  
  70  6:42  Probe  
  70  6:43  Charge, Stalker, Probe  
  74  6:51  Pylon, Probe  
  75  6:54  Probe  
  75  6:55  Dark Templar  
  75  6:57  Stalker  
  75  6:59  Probe  
  81  7:03  Probe  
  81  7:07  Probe  
  83  7:09  Protoss Ground Weapons Level 1 (Chrono Boost)  
  83  7:11  Probe  
  80  7:16  Probe  
  82  7:25  Stalker x2  
  82  7:27  Stalker  
  87  7:30  Gateway  
  87  7:33  Gateway  
  87  7:35  Gateway  
  87  7:38  Gateway  
  87  7:41  Gateway  
  87  7:42  Pylon  
  87  7:47  Probe  
  87  7:48  Robotics Facility, Probe  
  87  7:49  Zealot, Sentry  
  87  7:50  Zealot  
  95  7:53  Nexus  
  95  8:04  Pylon  
  95  8:05  Pylon  
  95  8:07  Pylon  
  95  8:10  Zealot x2  
  99  8:15  Zealot  
  101  8:21  Probe  
  101  8:22  Probe x2  
  104  8:27  Zealot x2  
  108  8:34  Zealot x4  
  108  8:36  Shield Battery  
  108  8:37  Pylon  
  108  8:38  Zealot x2  
  114  8:49  Probe  
  111  8:59  Zealot x8  
  111  9:01  Immortal  
  115  9:21  Stalker x5  
  121  9:26  Stalker x2  
  121  9:30  Probe x2  
  127  9:35  Zealot  
  129  9:40  Immortal (Chrono Boost)  
  133  9:47  Zealot x5  
  133  9:49  Sentry  
  133  9:50  Stalker  
  144  10:01  Zealot  
  144  10:02  Protoss Ground Weapons Level 2 (Chrono Boost), Probe x3  
  144  10:05  Shadow Stride (Chrono Boost)  
  146  10:08  Probe  
  146  10:12  Zealot x4  
  146  10:14  Probe  
  156  10:16  Pylon x2  
  156  10:24  Forge  
  156  10:31  Pylon x2, Observer  
  156  10:34  Probe  
  158  10:48  Zealot x2  
  158  10:49  Zealot x5, Observer  
  172  10:50  Zealot  
  172  10:55  Nexus  
  172  10:56  Probe x3  
  178  10:58  Assimilator x2  
  178  10:59  Photon Cannon  
  178  11:01  Photon Cannon  
  178  11:07  Protoss Ground Armor Level 1 (Chrono Boost)  
  178  11:09  Warp Prism (Chrono Boost)  
  178  11:11  Photon Cannon  
  180  11:17  Dark Templar x3  
  186  11:25  Pylon  
  186  11:32  Pylon  
  186  11:33  Pylon  
  186  11:37  Gateway  
  186  11:39  Gateway  
  186  11:42  Gateway  
  186  11:43  Gateway  
  180  12:03  Protoss Ground Weapons Level 3 (Chrono Boost)  
  180  12:06  Zealot x8  
  194  12:10  Observer, Photon Cannon  
  194  12:12  Shield Battery  
  194  12:13  Gateway  
  194  12:20  Robotics Bay  
  194  12:22  Photon Cannon  
  194  12:23  Pylon  
  194  12:24  Observer, Robotics Facility  
  194  12:42  Observer  
  171  12:58  Probe  
  171  13:04  Zealot x7, Dark Templar x3  
  142  13:14  Immortal  
  136  13:25  Protoss Ground Armor Level 2 (Chrono Boost), Dark Templar  
  136  13:26  Zealot x5, Dark Templar x3  
  116  13:41  Stalker  
  116  13:42  Stalker x8  
  116  13:43  Zealot x3  
  84  14:04  Zealot x4  
  84  14:05  Zealot x2  
  84  14:07  Stalker x6  
  82  14:26  Stalker x6  
  82  14:31  Dark Templar x2  
  92  14:33  Zealot  
  92  14:37  Zealot x3  
  92  14:43  Immortal (Chrono Boost)  
  78  14:51  Stalker x5  
  84  14:52  Zealot  
  84  14:53  Shield Battery  
  84  14:55  Shield Battery  
  84  14:58  Zealot x4  
  93  15:06  Nexus  
  87  15:17  Stalker x5  
Tags
 
Add a new tag
Caveats
  • Supply blocks, unpowered buildings, or Contaminate may cause inaccurate times.
  • Supply counts are checked every 10 seconds.